| TOP OF THE 1ST |
|
Texas (APP) Rangers batting - Pitching for Baltimore (APP) Orioles : LHP Sueo Iba
|
|
Pitching: LHP Sueo Iba
|
|
|
Batting: SHB Tim Rogers
|
0-0: Ground out 4-3 (Groundball, 34, EV 108.1 MPH)
|
|
Batting: RHB Ron Squires
|
0-0: Called Strike 0-1: Called Strike 0-2: Ball 1-2: Ball 2-2: Ball 3-2: Ground out 4-3 (Groundball, 34, EV 86.9 MPH)
|
|
Batting: RHB Jerry Foster
|
0-0: Ball 1-0: Called Strike 1-1: Ground out 5-3 (Groundball, 56, EV 80.6 MPH)
|
| Top of the 1st over - 0 runs, 0 hits, 0 errors, 0 left on base; Texas (APP) 0 - Baltimore (APP) 0 |
| BOTTOM OF THE 1ST |
|
Baltimore (APP) Orioles batting - Pitching for Texas (APP) Rangers : LHP Michael Colin
|
|
Pitching: LHP Michael Colin
|
|
|
Batting: SHB Eric Kelley
|
0-0: Ball 1-0: Fly out, F7 (Flyball, 7D, EV 86.9 MPH)
|
|
Batting: RHB Dou-wan Pan
|
0-0: DOUBLE (Groundball, 5L, EV 108.1 MPH)
|
|
Batting: LHB Xue-liang Zhou
|
0-0: Ball 1-0: Called Strike 1-1: Swinging Strike 1-2: Ball 2-2: Strikes out looking
|
|
Batting: RHB Minoru Matsumoto
|
0-0: Called Strike 0-1: Ball 1-1: Ball 2-1: Called Strike 2-2: Strikes out looking
|
| Bottom of the 1st over - 0 runs, 1 hit, 0 errors, 1 left on base; Texas (APP) 0 - Baltimore (APP) 0 |
| TOP OF THE 2ND |
|
Texas (APP) Rangers batting - Pitching for Baltimore (APP) Orioles : LHP Sueo Iba
|
|
Batting: RHB Nick Solberg
|
0-0: Called Strike 0-1: Swinging Strike 0-2: Ball 1-2: Fly out, F8 (Line Drive, 8RM, EV 93.1 MPH)
|
|
Batting: RHB Luis Solorzano
|
0-0: Ball 1-0: Swinging Strike 1-1: Ball 2-1: Foul Ball, location: 2F 2-2: Fly out, F9 (Line Drive, 9LM, EV 106.9 MPH)
|
|
Batting: LHB Santino Pisanello
|
0-0: Ball 1-0: DOUBLE (Line Drive, 9LM, EV 108.8 MPH)
|
|
Batting: SHB Albert Ortiz
|
0-0: Called Strike 0-1: Foul Ball, location: 2F 0-2: Ball 1-2: Strikes out swinging
|
| Top of the 2nd over - 0 runs, 1 hit, 0 errors, 1 left on base; Texas (APP) 0 - Baltimore (APP) 0 |
| BOTTOM OF THE 2ND |
|
Baltimore (APP) Orioles batting - Pitching for Texas (APP) Rangers : LHP Michael Colin
|
|
Batting: RHB Ruben Domingues
|
0-0: Swinging Strike 0-1: Foul Ball, location: 2F 0-2: Foul Ball, location: 2F 0-2: Ball 1-2: Foul Ball, location: 2F 1-2: Foul Ball, location: 2F 1-2: Strikes out swinging
|
|
Batting: RHB C.J. Wells
|
0-0: Ground out 1-3 (Groundball, 34S, EV 66.2 MPH)
|
|
Batting: LHB Edwin Cabral
|
0-0: Ball 1-0: Swinging Strike 1-1: Called Strike 1-2: Fly out, F7 (Flyball, 7LMF, EV 85.6 MPH)
|
| Bottom of the 2nd over - 0 runs, 0 hits, 0 errors, 0 left on base; Texas (APP) 0 - Baltimore (APP) 0 |
| TOP OF THE 3RD |
|
Texas (APP) Rangers batting - Pitching for Baltimore (APP) Orioles : LHP Sueo Iba
|
|
Batting: LHB Eddie Reyes
|
0-0: Called Strike 0-1: Ball 1-1: Ball 2-1: Foul Ball, location: 2F 2-2: SINGLE (Groundball, 4M, EV 107.5 MPH) (infield hit)
|
|
Batting: LHB Bobby Scott
|
0-0: Ball Eddie Reyes steals 2nd base 1-0: 2-RUN HOME RUN (Flyball, 9D, EV 98.1 MPH), Distance : 388 ft
|
|
Batting: SHB Tim Rogers
|
0-0: Ball 1-0: SOLO HOME RUN (Flyball, 7LD, EV 98.8 MPH), Distance : 370 ft
|
|
Batting: RHB Ron Squires
|
0-0: Called Strike 0-1: SINGLE (Groundball, 56D, EV 103.8 MPH)
|
|
Batting: RHB Jerry Foster
|
0-0: Called Strike Ron Squires steals 2nd base 0-1: Ball 1-1: Ball 2-1: Called Strike 2-2: Ball 3-2: Ground out 6-3 (Groundball, 6, EV 90.0 MPH) Ron Squires to third
|
|
Batting: RHB Nick Solberg
|
0-0: Ball 1-0: Foul Ball, location: 2F 1-1: Ball 2-1: Ball 3-1: Base on Balls
|
|
Batting: RHB Luis Solorzano
|
0-0: Ball Nick Solberg steals 2nd base 1-0: Called Strike 1-1: Called Strike 1-2: DOUBLE (Flyball, 7LD, EV 95.0 MPH) Ron Squires scores Nick Solberg scores
|
|
Batting: LHB Santino Pisanello
|
0-0: Ball 1-0: Ball 2-0: Called Strike 2-1: Ball 3-1: Foul Ball, location: 2F 3-2: Base on Balls
|
|
Pitching: RHP Joe Sloboda
|
|
|
Batting: SHB Albert Ortiz
|
0-0: Swinging Strike 0-1: Ball 1-1: Foul Ball, location: 2F 1-2: Ball 2-2: Strikes out looking
|
|
Batting: LHB Eddie Reyes
|
0-0: Foul Ball, location: 2F 0-1: Called Strike 0-2: Ground out 3-1 (Groundball, 34, EV 100.6 MPH)
|
| Top of the 3rd over - 5 runs, 5 hits, 0 errors, 2 left on base; Texas (APP) 5 - Baltimore (APP) 0 |
| BOTTOM OF THE 3RD |
|
Baltimore (APP) Orioles batting - Pitching for Texas (APP) Rangers : LHP Michael Colin
|
|
Batting: LHB Ivan Alvarez
|
0-0: Ball 1-0: Called Strike 1-1: Swinging Strike 1-2: Strikes out looking
|
|
Batting: RHB Imbart van Rens
|
0-0: Foul Ball, location: 2F 0-1: SINGLE (Groundball, 4D, EV 103.8 MPH)
|
|
Batting: SHB Eric Kelley
|
0-0: Fielders Choice at 2nd, 5-4 (Groundball, 5, EV 86.2 MPH)
|
|
Batting: RHB Dou-wan Pan
|
0-0: Ground out 5-3 (Groundball, 56, EV 96.9 MPH)
|
| Bottom of the 3rd over - 0 runs, 1 hit, 0 errors, 1 left on base; Texas (APP) 5 - Baltimore (APP) 0 |
| TOP OF THE 4TH |
|
Texas (APP) Rangers batting - Pitching for Baltimore (APP) Orioles : RHP Joe Sloboda
|
|
Batting: LHB Bobby Scott
|
0-0: Ball 1-0: Ground out 6-3 (Groundball, 6S, EV 64.4 MPH)
|
|
Batting: SHB Tim Rogers
|
0-0: Ball 1-0: Called Strike 1-1: Ball 2-1: Ball 3-1: Called Strike 3-2: Base on Balls
|
|
Batting: RHB Ron Squires
|
0-0: Called Strike 0-1: Called Strike 0-2: Strikes out swinging
|
|
Batting: RHB Jerry Foster
|
0-0: Foul Ball, location: 2F 0-1: Ball 1-1: Ball 2-1: Swinging Strike 2-2: Strikes out swinging
|
| Top of the 4th over - 0 runs, 0 hits, 0 errors, 1 left on base; Texas (APP) 5 - Baltimore (APP) 0 |
| BOTTOM OF THE 4TH |
|
Baltimore (APP) Orioles batting - Pitching for Texas (APP) Rangers : LHP Michael Colin
|
|
Batting: LHB Xue-liang Zhou
|
0-0: Ball 1-0: Ball 2-0: DOUBLE (Flyball, 8RXD, EV 101.2 MPH)
|
|
Batting: RHB Minoru Matsumoto
|
0-0: Swinging Strike 0-1: 2-RUN HOME RUN (Flyball, 7LD, EV 98.1 MPH), Distance : 380 ft
|
|
Batting: RHB Ruben Domingues
|
0-0: Swinging Strike 0-1: SINGLE (Groundball, 34, EV 103.1 MPH)
|
|
Batting: RHB C.J. Wells
|
0-0: Ball 1-0: Ball 2-0: Ball 3-0: Called Strike 3-1: Base on Balls Ruben Domingues to second
|
|
Batting: LHB Edwin Cabral
|
0-0: Called Strike 0-1: Called Strike 0-2: Ball 1-2: Strikes out swinging
|
|
Batting: LHB Ivan Alvarez
|
0-0: Foul Ball, location: 2F 0-1: Swinging Strike 0-2: Ball 1-2: Ball 2-2: Strikes out swinging
|
|
Batting: RHB Imbart van Rens
|
0-0: Called Strike 0-1: Ball 1-1: Fly out, F8 (Line Drive, 8RM, EV 107.5 MPH)
|
| Bottom of the 4th over - 2 runs, 3 hits, 0 errors, 2 left on base; Texas (APP) 5 - Baltimore (APP) 2 |
| TOP OF THE 5TH |
|
Texas (APP) Rangers batting - Pitching for Baltimore (APP) Orioles : RHP Joe Sloboda
|
|
Batting: RHB Nick Solberg
|
0-0: Ball 1-0: Ground out 6-3 (Groundball, 6, EV 92.5 MPH)
|
|
Batting: RHB Luis Solorzano
|
0-0: Called Strike 0-1: Ball 1-1: Ground out 4-3 (Groundball, 34, EV 110.0 MPH)
|
|
Batting: LHB Santino Pisanello
|
0-0: Foul Ball, location: 2F 0-1: Ball 1-1: Ball 2-1: Swinging Strike 2-2: Ball 3-2: Strikes out looking
|
| Top of the 5th over - 0 runs, 0 hits, 0 errors, 0 left on base; Texas (APP) 5 - Baltimore (APP) 2 |
| BOTTOM OF THE 5TH |
|
Baltimore (APP) Orioles batting - Pitching for Texas (APP) Rangers : LHP Michael Colin
|
|
Batting: SHB Eric Kelley
|
0-0: Swinging Strike 0-1: Ball 1-1: Ground out 4-3 (Groundball, 4MD, EV 91.2 MPH)
|
|
Batting: RHB Dou-wan Pan
|
0-0: Ball 1-0: Ball 2-0: Swinging Strike 2-1: Ground out 6-3 (Groundball, 6D, EV 83.1 MPH)
|
|
Batting: LHB Xue-liang Zhou
|
0-0: Ball 1-0: Ball 2-0: Swinging Strike 2-1: Fly out, F8 (Flyball, 8RM, EV 79.4 MPH)
|
| Bottom of the 5th over - 0 runs, 0 hits, 0 errors, 0 left on base; Texas (APP) 5 - Baltimore (APP) 2 |
| TOP OF THE 6TH |
|
Texas (APP) Rangers batting - Pitching for Baltimore (APP) Orioles : RHP Joe Sloboda
|
|
Batting: SHB Albert Ortiz
|
0-0: Swinging Strike 0-1: Ball 1-1: Ball 2-1: Ball 3-1: Base on Balls
|
|
Batting: LHB Eddie Reyes
|
0-0: Ball 1-0: Foul Ball, location: 2F 1-1: Foul Ball, location: 2F 1-2: Ball 2-2: Hit by Pitch Albert Ortiz to second
|
|
Pitching: RHP Dave Patenaude
|
|
|
Batting: LHB Bobby Scott
|
0-0: Grounds into double play, 6-4-3 (Groundball, 6, EV 102.5 MPH) Albert Ortiz to third
|
|
Batting: SHB Tim Rogers
|
0-0: Ball Wild Pitch! Albert Ortiz scores 1-0: Swinging Strike 1-1: Ball 2-1: Ground out 4-3 (Groundball, 4S, EV 85.0 MPH)
|
| Top of the 6th over - 1 run, 0 hits, 0 errors, 0 left on base; Texas (APP) 6 - Baltimore (APP) 2 |
| BOTTOM OF THE 6TH |
|
Baltimore (APP) Orioles batting - Pitching for Texas (APP) Rangers : LHP Michael Colin
|
|
Batting: RHB Minoru Matsumoto
|
0-0: Ball 1-0: Ground out 5-3 (Groundball, 56, EV 100.0 MPH)
|
|
Batting: RHB Ruben Domingues
|
0-0: Ball 1-0: Called Strike 1-1: Foul Ball, location: 2F 1-2: Strikes out swinging
|
|
Batting: RHB C.J. Wells
|
0-0: Called Strike 0-1: Foul Ball, location: 2F 0-2: Ball 1-2: Strikes out swinging
|
| Bottom of the 6th over - 0 runs, 0 hits, 0 errors, 0 left on base; Texas (APP) 6 - Baltimore (APP) 2 |
| TOP OF THE 7TH |
|
Texas (APP) Rangers batting - Pitching for Baltimore (APP) Orioles : RHP Dave Patenaude
|
|
Batting: RHB Ron Squires
|
0-0: Foul Ball, location: 2F 0-1: Ball 1-1: Ball 2-1: Fly out, F8 (Line Drive, 8LD, EV 91.9 MPH)
|
|
Batting: RHB Jerry Foster
|
0-0: Called Strike 0-1: Foul Ball, location: 2F 0-2: Ball 1-2: Foul Ball, location: 2F 1-2: Foul Ball, location: 2F 1-2: Ball 2-2: Foul Ball, location: 2F 2-2: SINGLE (Line Drive, 9LS, EV 106.2 MPH)
|
|
Batting: RHB Nick Solberg
|
0-0: Ball Jerry Foster is caught stealing 2nd base 2-4 1-0: Foul Ball, location: 2F 1-1: Ball 2-1: Ball 3-1: Called Strike 3-2: Fly out, F9 (Flyball, 89XD, EV 90.6 MPH)
|
| Top of the 7th over - 0 runs, 1 hit, 0 errors, 0 left on base; Texas (APP) 6 - Baltimore (APP) 2 |
| BOTTOM OF THE 7TH |
|
Baltimore (APP) Orioles batting - Pitching for Texas (APP) Rangers : LHP Michael Colin
|
|
Batting: LHB Edwin Cabral
|
0-0: Ball 1-0: Called Strike 1-1: Foul Ball, location: 2F 1-2: Fly out, F8 (Flyball, 8RD, EV 98.8 MPH)
|
|
Batting: LHB Ivan Alvarez
|
0-0: Foul Ball, location: 2F 0-1: Ball 1-1: Foul Ball, location: 2F 1-2: Ball 2-2: Ball 3-2: Foul Ball, location: 2F 3-2: Ground out 2-3 (Groundball, 2R, EV 70.0 MPH)
|
|
Batting: RHB Imbart van Rens
|
0-0: Ground out 6-3 (Groundball, 6, EV 85.6 MPH)
|
| Bottom of the 7th over - 0 runs, 0 hits, 0 errors, 0 left on base; Texas (APP) 6 - Baltimore (APP) 2 |
| TOP OF THE 8TH |
|
Texas (APP) Rangers batting - Pitching for Baltimore (APP) Orioles : RHP Dave Patenaude
|
|
Batting: RHB Luis Solorzano
|
0-0: Ball 1-0: Foul Ball, location: 2F 1-1: Ball 2-1: Swinging Strike 2-2: Ground out U3 (Groundball, 3, EV 84.4 MPH)
|
|
Batting: LHB Santino Pisanello
|
0-0: Ball 1-0: SINGLE (Groundball, 34D, EV 107.5 MPH)
|
|
Batting: SHB Albert Ortiz
|
0-0: Swinging Strike 0-1: Ball Santino Pisanello steals 2nd base 1-1: Foul Ball, location: 2F 1-2: Foul Ball, location: 2F 1-2: Foul Ball, location: 2F 1-2: Foul Ball, location: 2F 1-2: Ball 2-2: Ball 3-2: Foul Ball, location: 2F 3-2: Strikes out swinging
|
|
Pitching: LHP Killian Wellman
|
|
|
Batting: LHB Eddie Reyes
|
0-0: Foul Ball, location: 2F 0-1: Ground out 4-3 (Groundball, 4MS, EV 66.2 MPH)
|
| Top of the 8th over - 0 runs, 1 hit, 0 errors, 1 left on base; Texas (APP) 6 - Baltimore (APP) 2 |
| BOTTOM OF THE 8TH |
|
Baltimore (APP) Orioles batting - Pitching for Texas (APP) Rangers : LHP Michael Colin
|
|
Batting: SHB Eric Kelley
|
0-0: Ground out U3 (Groundball, 34, EV 84.4 MPH)
|
|
Batting: RHB Dou-wan Pan
|
0-0: SINGLE (Flyball, 34D, EV 88.1 MPH)
|
|
Batting: LHB Xue-liang Zhou
|
0-0: DOUBLE (Flyball, 8RXD, EV 100.6 MPH) Dou-wan Pan to third
|
|
Batting: RHB Minoru Matsumoto
|
0-0: Reached on error, E5 (Groundball, 25, EV 84.4 MPH) Dou-wan Pan scores Xue-liang Zhou to third
|
|
Batting: RHB Ruben Domingues
|
0-0: Swinging Strike 0-1: Reached on error, E4 (Groundball, 4, EV 99.4 MPH) Xue-liang Zhou scores Minoru Matsumoto to second
|
|
Batting: RHB C.J. Wells
|
0-0: Called Strike 0-1: Ball 1-1: Ball 2-1: Foul Ball, location: 2F 2-2: Foul Ball, location: 2F 2-2: Ball 3-2: DOUBLE (Line Drive, 7LM, EV 108.1 MPH) Minoru Matsumoto scores Ruben Domingues to third Runner from 3rd tries for Home, SAFE, no throw by LF
|
|
Batting: LHB Edwin Cabral
|
0-0: Intentional Walk
|
|
Pitching: LHP Ryan Tillett
|
|
|
Pinch Hitting: RHB Javier Brizuela
|
0-0: Foul Ball, location: 2F 0-1: Called Strike 0-2: Ball 1-2: Strikes out swinging
|
|
Batting: RHB Imbart van Rens
|
0-0: Fielders Choice at 2nd, 5-4 (Groundball, 56, EV 86.2 MPH)
|
| Bottom of the 8th over - 4 runs, 3 hits, 2 errors, 2 left on base; Texas (APP) 6 - Baltimore (APP) 6 |
| TOP OF THE 9TH |
|
Texas (APP) Rangers batting - Pitching for Baltimore (APP) Orioles : LHP Killian Wellman
|
|
Now at SS: Chris Cohen
|
|
|
Batting: RHB Elias Sagrero
|
0-0: Ball 1-0: Swinging Strike 1-1: Foul Ball, location: 2F 1-2: Foul Ball, location: 2F 1-2: Ball 2-2: Strikes out swinging
|
|
Batting: SHB Tim Rogers
|
0-0: Ball 1-0: Ground out 3-1 (Groundball, 34S, EV 79.4 MPH)
|
|
Batting: RHB Ron Squires
|
0-0: Ball 1-0: Called Strike 1-1: Ball 2-1: Ball 3-1: SINGLE (Groundball, 34D, EV 105.6 MPH)
|
|
Batting: RHB Jerry Foster
|
0-0: Called Strike Ron Squires steals 2nd base 0-1: Ball 1-1: Intentional Walk
|
|
Batting: RHB Nick Solberg
|
0-0: Ground out 1-3 (Groundball, P, EV 72.5 MPH)
|
| Top of the 9th over - 0 runs, 1 hit, 0 errors, 2 left on base; Texas (APP) 6 - Baltimore (APP) 6 |
| BOTTOM OF THE 9TH |
|
Baltimore (APP) Orioles batting - Pitching for Texas (APP) Rangers : LHP Ryan Tillett
|
|
Batting: SHB Eric Kelley
|
0-0: Ground out 5-3 (Groundball, 5L, EV 93.8 MPH)
|
|
Batting: RHB Dou-wan Pan
|
0-0: Swinging Strike 0-1: Ball 1-1: Fly out, F8 (Flyball, 8RXD, EV 87.5 MPH)
|
|
Batting: LHB Xue-liang Zhou
|
0-0: Called Strike 0-1: Ground out U3 (Groundball, 3, EV 83.1 MPH)
|
| Bottom of the 9th over - 0 runs, 0 hits, 0 errors, 0 left on base; Texas (APP) 6 - Baltimore (APP) 6 |
| TOP OF THE 10TH |
|
Texas (APP) Rangers batting - Pitching for Baltimore (APP) Orioles : LHP Killian Wellman
|
|
Pitching: RHP Harold Price
|
|
|
Batting: RHB Luis Solorzano
|
0-0: SINGLE (Groundball, 56, EV 106.9 MPH) (infield hit)
|
|
Batting: LHB Santino Pisanello
|
0-0: Ball 1-0: Ball 2-0: Sac Bunt to 15 - play at first, batter OUT! 1-3 Luis Solorzano to second
|
|
Batting: SHB Albert Ortiz
|
0-0: Ball 1-0: Called Strike 1-1: Ball 2-1: Ball 3-1: Base on Balls
|
|
Batting: LHB Eddie Reyes
|
0-0: Ball 1-0: Ball 2-0: Called Strike 2-1: Ball 3-1: Base on Balls Luis Solorzano to third Albert Ortiz to second
|
|
Batting: RHB Elias Sagrero
|
0-0: Ball 1-0: Foul Ball, location: 2F 1-1: Swinging Strike 1-2: Hit by Pitch Luis Solorzano scores Albert Ortiz to third Eddie Reyes to second
|
|
Batting: SHB Tim Rogers
|
0-0: Foul Ball, location: 2F 0-1: Fly out, F9 (Line Drive, 9, EV 90.0 MPH)
|
|
Batting: RHB Ron Squires
|
0-0: Called Strike 0-1: Ground out U3 (Groundball, 34, EV 89.4 MPH)
|
| Top of the 10th over - 1 run, 1 hit, 0 errors, 3 left on base; Texas (APP) 7 - Baltimore (APP) 6 |
| BOTTOM OF THE 10TH |
|
Baltimore (APP) Orioles batting - Pitching for Texas (APP) Rangers : LHP Ryan Tillett
|
|
Batting: RHB Minoru Matsumoto
|
0-0: Fly out, F8 (Flyball, 8RXD, EV 107.5 MPH)
|
|
Batting: RHB Ruben Domingues
|
0-0: Ball 1-0: Called Strike 1-1: Ball 2-1: Swinging Strike 2-2: Ball 3-2: Strikes out looking
|
|
Batting: RHB C.J. Wells
|
0-0: Swinging Strike 0-1: SINGLE (Line Drive, 4D, EV 95.0 MPH)
|
|
Pinch Hitting: RHB Tony Fernandez
|
0-0: Foul Ball, location: 2F 0-1: Called Strike 0-2: Strikes out swinging
|
| Bottom of the 10th over - 0 runs, 1 hit, 0 errors, 1 left on base; Texas (APP) 7 - Baltimore (APP) 6 |
|